 Dungeon Crawl Stone Soup version 0.30.1-9-gdf580d7c3d (webtiles) character file.

Game seed: 13597530303534978700

228 ChiefBigBeans the Shooter (level 6, -3/39 HPs)
             Began as a Tengu Hunter on Oct 3, 2023.
             Slain by an ice beast (13 damage)
             ... on level 3 of the Dungeon.
             The game lasted 00:06:05 (2881 turns).

ChiefBigBeans the Shooter (Tengu Hunter)            Turns: 2881, Time: 00:06:06

Health: -3/39      AC:  5    Str: 11      XL:     6   Next: 2%
Magic:  7/7        EV: 13    Int:  9      God:
Gold:   145        SH:  0    Dex: 18 (20) Spells: 5/5 levels left

rFire   . . .        a - +1 shortbow
rCold   . . .        (shield currently unavailable)
rNeg    . . .        p - +0 ring mail
rPois   .            (helmet restricted)
rElec   .            (no cloak)
rCorr   .            (no gloves)
SInv    +            (boots unavailable)
Will    +....        (no amulet)
Stlth   +            e - ring of see invisible
HPRegen 0.26/turn    h - ring of willpower
MPRegen 0.10/turn

%: no passive effects
@: flying quickly and evasively, quick
A: beak, talons 3, nimble flight
a: no special abilities


You were on level 3 of the Dungeon.
You visited 1 branch of the dungeon, and saw 4 of its levels.

You collected 145 gold pieces.

Inventory:

Hand Weapons
 a - a +1 shortbow (weapon)
Missiles
 j - 2 throwing nets
Armour
 c - a +0 leather armour
 p - a +0 ring mail (worn)
Jewellery
 d - a ring of resist corrosion
 e - a ring of see invisible (left hand)
 h - a ring of willpower (right hand)
Wands
 f - a wand of charming (12)
Scrolls
 b - 2 scrolls of immolation
Potions
 g - a potion of heal wounds
 l - a potion of lignification
 n - a potion of curing


   Skills:
 + Level 4.4 Fighting
 + Level 6.3 Ranged Weapons
 - Level 2.1 Dodging
 - Level 1.0 Stealth


You had 5 spell levels left.
You didn't know any spells.
Your spell library contained the following spells:

 Spells                   Type           Power      Damage    Failure   Level
 Sandblast                Erth           0%         2d4       69%         1
 Lesser Beckoning         Tloc           0%         N/A       83%         2
 Passwall                 Tmut/Erth      0%         N/A       83%         2
 Gell's Gravitas          Tloc           0%         N/A       96%         3
 Stone Arrow              Conj/Erth      0%         3d7       96%         3
 Teleport Other           Tloc           0%         N/A       96%         3


Dungeon Overview and Level Annotations

Branches:
Dungeon (4/15)
 Temple: D:4-7

Altars:
Ashenzari


Innate Abilities, Weirdness & Mutations

You have a beak for a mouth.
You have claws for feet.
Your magical nature lets you fly swiftly and evasively.


Message History

Fire: a) +1 shortbow
Press: ? - help, Q - select action, (/) - cycle Shift-Dir - straight line, f/p - ice beast
Aim: an ice beast (moderately wounded, 67% to hit)
You shoot an arrow.
The arrow hits the ice beast but does no damage.
The ice beast is moderately wounded.
The ice beast closely misses you.
Fire: a) +1 shortbow
Press: ? - help, Q - select action, (/) - cycle Shift-Dir - straight line, f/p - ice beast
Aim: an ice beast (moderately wounded, 67% to hit)
You shoot an arrow. The arrow closely misses the ice beast.
The ice beast hits you but does no damage.
Fire: a) +1 shortbow
Press: ? - help, Q - select action, (/) - cycle Shift-Dir - straight line, f/p - ice beast
Aim: an ice beast (moderately wounded, 67% to hit)
You shoot an arrow. The arrow hits the ice beast.
The ice beast is heavily wounded.
The ice beast barely misses you.
Fire: a) +1 shortbow
Press: ? - help, Q - select action, (/) - cycle Shift-Dir - straight line, f/p - ice beast
Aim: an ice beast (heavily wounded, 67% to hit)
You shoot an arrow. The arrow hits the ice beast.
The ice beast is severely wounded.
The ice beast hits you. The ice beast freezes you!
* * * LOW HITPOINT WARNING * * *
The ice beast barely misses you.
Fire: a) +1 shortbow
Press: ? - help, Q - select action, (/) - cycle Shift-Dir - straight line, f/p - ice beast
Aim: an ice beast (severely wounded, 67% to hit)
You shoot an arrow. The arrow barely misses the ice beast.
The ice beast barely misses you.
Fire: a) +1 shortbow
Press: ? - help, Q - select action, (/) - cycle Shift-Dir - straight line, f/p - ice beast
Aim: an ice beast (severely wounded, 67% to hit)
You shoot an arrow. The arrow hits the ice beast.
The ice beast is severely wounded.
The ice beast hits you.
* * * LOW HITPOINT WARNING * * *
The ice beast freezes you!
You die...

...# #............# ...#
#####...###### ...# #....#
...# #....# ...# #....#
...##########....#
............#...##
###########.#...#########
................@Y.....>#
....##########.########.#
....# #...## #.### ....#
###..# #...# ....#
########'### #.#.#
....######..........# #.#.#
....................###.#.#
#.########...).......##.#.#
#...# #................#


You could see an ice beast.

Vanquished Creatures
  A hound (D:4)
  An orc priest (D:3)
  An orc wizard (D:4)
  4 adders
  2 worms
  4 dart slugs
  10 orcs
  8 ball pythons
  5 bats
  4 endoplasms
  8 goblins
  11 hobgoblins
  2 jackals (D:3)
  10 kobolds
  3 quokkas
  2 frilled lizards
  5 rats
81 creatures vanquished.

Notes
Turn   | Place    | Note
-------+----------+-------------------------------------------
     0 | D:1      | ChiefBigBeans the Tengu Hunter began the quest for the Orb.
     0 | D:1      | Reached XP level 1. HP: 12/12 MP: 2/2
    84 | D:1      | Reached XP level 2. HP: 18/18 MP: 3/3
   506 | D:1      | Reached XP level 3. HP: 22/22 MP: 4/4
   849 | D:2      | Reached skill level 5 in Ranged Weapons
  1665 | D:2      | Found a broken altar of Ashenzari.
  1946 | D:3      | Reached XP level 4. HP: 22/28 MP: 5/5
  2218 | D:3      | Gained mutation: Your magical nature lets you fly swiftly
                  | and evasively. [Tengu growth]
  2218 | D:3      | Reached XP level 5. HP: 33/33 MP: 6/6
  2696 | D:4      | Reached skill level 6 in Ranged Weapons
  2825 | D:4      | Reached XP level 6. HP: 33/39 MP: 7/7
  2857 | D:4      | Noticed an ice beast
  2881 | D:3      | Slain by an ice beast

Illustrated notes

Levels and vault maps discovered:
D:1:      tarquinn_simple_flora_water_c, layout_basic, hangedman_decor_lopped
D:2:      layout_loops_corners, basic_altar
D:3:      corexii_shack_village, layout_basic
D:4:      layout_loops_ring, kennysheep_mini, lemuel_tele_altar,
          mainiacjoe_overflow_catch_the_wave, minmay_misc_feat_tower

Skill      XL: |  1  2  3  4  5 |
---------------+----------------+-----
Ranged Weapons | 5 6 |  6.3
Fighting       | 3 4 |  4.4
Dodging        | |  2.1
Stealth        | |  1.0

Action                     |  1- 3 |  4- 6 || total
---------------------------+-------+-------++-------
   Fire: Shortbow          |    76 |   128 ||   204
    Use: Scroll            |     8 |     1 ||     9
         Potion            |     1 |     1 ||     2
 Armour: Ring mail         |     3 |    17 ||    20
         Leather armour    |     3 |       ||     3
  Dodge: Dodged            |    14 |    47 ||    61
